 Dungeon Sprint DCSS version 0.21-a0-414-gba8bdf1 (webtiles) character file.

1 Kidiri the Ruffian (level 1, 0/16 HPs)
             Began as a Draconian Transmuter on Nov 2, 2017.
             Was an Initiate of Wu Jian.
             Slain by a worker ant (5 damage)
             ... in the Dungeon (Sprint VII: "The Pits").
             The game lasted 00:00:48 (99 turns).

Kidiri the Ruffian (Draconian Transmuter)             Turns: 99, Time: 00:00:49

Health: 0/16       AC:  4    Str: 12    XL:     1   Next: 16%
Magic:  2/3        EV: 12    Int: 13    God:    Wu Jian [......]
Gold:   0          SH:  0    Dex: 11    Spells: 3/4 levels left

rFire    . . .     SeeInvis .     - Unarmed
rCold    . . .     Gourm    .   (no shield)
rNeg     . . .     Faith    .   (armour unavailable)
rPois    .         Spirit   .   (helmet restricted)
rElec    .         Reflect  .   (no cloak)
rCorr    .         Harm     .   (no gloves)
MR       .....     NoTele   +   (boots currently unavailable)
Stlth    +.........             (no amulet)
HPRegen  0.05/turn              (no ring)
MPRegen  0.08/turn              (no ring)

@: lethally poisoned (0 -> -3), appendage (expiring)
A: unfitting armour, talons 3, cold-blooded, AC +4
a: End Transformation, Renounce Religion


You were in the Dungeon.
You worshipped Wu Jian.
Wu Jian was noncommittal.
You were not hungry.
You had grown temporary talons.
You visited 1 branch

Inventory:

Missiles
 a - 12 arrows
 p - 10 stones (quivered)
Scrolls
 i - a scroll of blinking
 k - 3 scrolls of remove curse
 l - 5 scrolls of amnesia
 m - a scroll of summoning
Potions
 d - a potion of curing
 e - a potion of heal wounds
 f - a potion of haste
 g - 4 potions of magic
 h - 3 potions of berserk rage
 j - 2 potions of invisibility
Books
 b - a book of Changes

   Spells                             Type                      Level
   a - Beastly Appendage              Transmutation                1
   b - Sticks to Snakes               Transmutation                2
   c - Spider Form                    Transmutation/Poison         3
   d - Ice Form                       Ice/Transmutation            4
   e - Blade Hands                    Transmutation                5
Comestibles
 c - 8 bread rations
 n - 40 fruits
 o - 7 meat rations


   Skills:
 * Level 1.4 Fighting
 * Level 2.0 Dodging
 + Level 0.2 Stealth
 * Level 3.1 Unarmed Combat
 * Level 2.1 Spellcasting
 + Level 2.1 Transmutations


You had 3 spell levels left.
You knew the following spells:

 Your Spells              Type           Power        Failure   Level  Hunger
a - Beastly Appendage     Tmut           #.....       11%         1    ##.....


Dungeon Overview and Level Annotations

Branches:
Dungeon (1/1)

Altars:
Ashenzari
Cheibriados
Dithmenos
Elyvilon
Fedhas
Gozag
Hepliaklqana
Kikubaaqudgha
Makhleb
Nemelex Xobeh
Okawaru
Qazlal
Ru
Sif Muna
Trog
Uskayaw
Vehumet
Wu Jian
Xom
Yredelemnul
Zin
The Shining One
Beogh
Jiyva
Lugonu

Annotations:
D exclusions: 6 doors and 6 more exclusions


Innate Abilities, Weirdness & Mutations

Your plain brown scales are hard. (AC +4)
You cannot fit into any form of body armour.
You are cold-blooded and may be slowed by cold attacks.
You have claws for feet.


Message History

You feel sick. The worker ant closely misses you.
You hit the worker ant.
The worker ant is lightly wounded.
The worker ant waves its antennae.
The worker ant barely misses you.
You hit the worker ant but do no damage.
Your tail-slap misses the worker ant.
The worker ant is lightly wounded.
You feel sick. The worker ant barely misses you.
You closely miss the worker ant.
The worker ant is lightly wounded.
The worker ant completely misses you.
You barely miss the worker ant. You claw the worker ant!
The worker ant is severely wounded.
The worker ant bites you. The worker ant misses you.
You closely miss the worker ant.
You claw the worker ant, but do no damage.
The worker ant is severely wounded.
You feel sick. The worker ant bites you.
You die...

############ #_________.#
#_________.#
#_______...###########++##
##########+##.............
#.?|.+)))+.##......#..#...
##########.##.............
......Ka@..'.............
+#####'#####......#..#...
... #............. .....
####+#####++## ###+##
#.......# #.......#
#.......# #...<...#
#.......#


You could see a worker ant and a kobold.

Vanquished Creatures
  A quokka (D)
1 creature vanquished.

Notes
Turn   | Place    | Note
-------+----------+-------------------------------------------
     0 | D        | Kidiri the Draconian Transmuter began the quest for the Orb.
     0 | D        | Reached XP level 1. HP: 16/16 MP: 3/3
    60 | D        | Found a bloodstained altar of Trog.
    60 | D        | Found a deep blue altar of Sif Muna.
    60 | D        | Found a viscous altar of Jiyva.
    60 | D        | Found a hazy altar of Hepliaklqana.
    60 | D        | Found an opulent altar of Gozag.
    61 | D        | Found a glowing golden altar of the Shining One.
    61 | D        | Found a glowing silver altar of Zin.
    61 | D        | Found a basalt altar of Yredelemnul.
    61 | D        | Found a shimmering altar of Xom.
    61 | D        | Found an ornate altar of the Wu Jian Council.
    61 | D        | Found a sacrificial altar of Ru.
    61 | D        | Found a stormy altar of Qazlal.
    61 | D        | Found an iron altar of Okawaru.
    61 | D        | Found a sparkling altar of Nemelex Xobeh.
    61 | D        | Found a burning altar of Makhleb.
    61 | D        | Found a blossoming altar of Fedhas.
    61 | D        | Found a white marble altar of Elyvilon.
    61 | D        | Found a shadowy altar of Dithmenos.
    61 | D        | Found a snail-covered altar of Cheibriados.
    63 | D        | Found a radiant altar of Vehumet.
    63 | D        | Found a corrupted altar of Lugonu.
    63 | D        | Found a roughly hewn altar of Beogh.
    64 | D        | Found a hide-covered altar of Uskayaw.
    64 | D        | Found an ancient bone altar of Kikubaaqudgha.
    64 | D        | Found a shattered altar of Ashenzari.
    74 | D        | Became a worshipper of the Wu Jian Council
    90 | D        | Noticed a worker ant
    99 | D        | Slain by a worker ant

Vault maps used:
D:        pitsprint

Skill      XL: |  1 |
---------------+----+-----
Dodging        | 2 |  2.0
Fighting       | |  1.4
Stealth        | |  0.2
Unarmed Combat | |  3.1
Spellcasting   | |  2.1
Transmutations | |  2.1

Action                   || total
-------------------------++-------
Melee: Unarmed           ||     9
       Kick              ||     2
       Headbutt          ||     1
 Cast: Beastly Appendage ||     2
Dodge: Dodged            ||     7

Table legend:
 A = Spawn XP
 B = Non-spawn XP
 C = Spawn XP percentage of total XP
 D = Spawn monster count
 E = Non-spawn monster count
 F = Spawn count percentage of total count
 G = Total turns spent on level
                    A         B        C        D         E        F      G
               +---------+---------+-------+---------+---------+-------+---------
         Total |       0 |       2 |   0.0 |       0 |       1 |   0.0 |    99
               +---------+---------+-------+---------+---------+-------+---------
             D |       0 |       2 |   0.0 |       0 |       1 |   0.0 |    99
               +---------+---------+-------+---------+---------+-------+---------
